Map: Ruins of Endion

Players

Reges - Winner!

  • Race: Zerg Zerg
  • League: Gold

capac

  • Race: Terran Terran
  • League: Gold

VOD

Have the link to the VOD?

Description

Time

  • Played on: May 5, 2016, 1:31 p.m.
  • Length: 18:42
Show
View Real Time Build Order
Export as new Build Order

Reges Zerg - Winner!

Build Orders: Hatch First, Lurkers 

Get SALT Encoding   

  12  0:01  Drone  
  13  0:12  Overlord  
  13  0:18  Drone  
  14  0:30  Drone  
  14  0:31  Drone  
  14  0:34  Drone  
  17  0:56  Hatchery  
  16  0:57  Drone  
  16  1:03  Drone  
  18  1:06  Extractor  
  17  1:21  Spawning Pool  
  16  1:32  Drone x2  
  18  1:34  Drone  
  19  1:42  Overlord  
  19  1:58  Drone  
  20  2:08  Queen  
  20  2:09  Queen  
  20  2:10  Metabolic Boost  
  20  2:14  Zergling x2  
  25  2:17  Zergling x2  
  25  2:54  Drone x2  
  25  2:55  Drone x4  
  31  3:06  Zergling x2  
  31  3:07  Zergling x2  
  31  3:12  Queen  
  35  3:18  Drone  
  35  3:19  Overlord  
  35  3:29  Overlord x2  
  35  3:35  Overlord  
  35  3:41  Evolution Chamber, Roach Warren  
  34  3:42  Extractor, Lair  
  34  3:45  Extractor  
  31  3:58  Extractor  
  31  4:00  Drone x5  
  35  4:22  Drone x2  
  37  4:25  Hatchery  
  35  4:40  Overlord  
  35  4:49  Queen  
  37  4:53  Drone x3  
  37  4:55  Zerg Missile Weapons Level 1, Glial Reconstitution  
  37  4:57  Roach x2  
  44  5:24  Drone  
  44  5:25  Drone x9  
  54  5:32  Drone x2  
  56  5:47  Roach  
  56  5:48  Roach x3  
  64  5:51  Extractor x2  
  64  5:55  Hydralisk Den  
  64  5:56  Spore Crawler  
  60  5:58  Drone x2  
  60  6:01  Drone x3  
  65  6:09  Roach x3  
  71  6:24  Overlord x2  
  71  6:30  Hydralisk  
  73  6:40  Overlord x2  
  73  6:43  Lurker Den  
  73  6:48  Drone x3  
  73  6:49  Zerg Ground Armor Level 1, Drone x3  
  73  6:53  Evolution Chamber  
  78  6:56  Hydralisk  
  78  6:57  Hydralisk x2  
  80  7:15  Hydralisk x6  
  84  7:44  Hydralisk x3  
  84  7:45  Hydralisk x3  
  96  7:57  Zerg Missile Weapons Level 2  
  96  8:01  Queen  
  98  8:09  Overlord x2  
  98  8:12  Hydralisk x3  
  100  8:16  Overlord x2  
  104  8:22  Overseer, Spore Crawler  
  103  8:29  Hydralisk x4  
  111  8:39  Drone  
  111  8:40  Drone x4  
  116  8:47  Lurker  
  117  9:00  Zerg Ground Armor Level 2  
  117  9:09  Muscular Augments  
  117  9:11  Infestation Pit  
  116  9:22  Hydralisk x4, Spore Crawler  
  123  9:35  Drone  
  123  9:36  Drone x5  
  129  9:53  Overlord x3  
  129  9:54  Overlord  
  129  9:57  Overseer  
  129  10:06  Overlord x3  
  129  10:13  Lurker x3  
  132  10:37  Hive  
  132  10:39  Drone x3  
  132  10:40  Drone x2  
  137  10:43  Hatchery  
  137  10:45  Baneling Nest, Lurker x4  
  139  11:27  Overlord x4  
  139  11:46  Extractor  
  129  11:49  Roach  
  129  11:50  Extractor, Roach x18  
  129  11:51  Roach  
  165  12:01  Zergling x2  
  165  12:02  Zergling x12  
  165  12:04  Centrifical Hooks  
  165  12:06  Overseer x2  
  172  12:27  Drone  
  172  12:28  Drone x8  
  179  12:43  Roach x3  
  179  12:44  Roach x2  
  189  12:49  Ravager x7  
  196  13:01  Zerg Missile Weapons Level 3  
  196  13:02  Zerg Ground Armor Level 3  
  196  13:05  Ultralisk Cavern  
  195  13:06  Spire  
  194  13:13  Zergling x6  
  194  13:14  Zergling x4  
  194  13:15  Overlord x3  
  199  13:38  Baneling x16  
  199  13:39  Baneling x7  
  189  13:53  Zergling x2  
  189  13:54  Zergling x18  
  199  14:03  Chitinous Plating  
  199  14:05  Adrenal Glands  
  193  14:51  Spine Crawler  
  193  14:52  Spine Crawler  
  191  14:53  Spine Crawler x2  
  191  14:58  Roach x4  
  199  15:05  Zergling x2  
  145  16:04  Roach  
  145  16:05  Roach x13  
  145  16:06  Roach x7  
  136  16:25  Hydralisk  
  128  16:26  Hydralisk x3  
  122  16:34  Corruptor x4  
  122  16:56  Ultralisk x8  
  168  17:06  Ultralisk x2  
  170  17:16  Queen  
  172  17:24  Greater Spire  
  172  17:27  Ultralisk  
  170  17:48  Ultralisk x2  
  159  18:13  Zergling x2  
Show
View Real Time Build Order
Export as new Build Order

capac Terran 

Build Orders: Reaper Expand, Bio Tank 

Get SALT Encoding   

  12  0:00  SCV  
  13  0:12  SCV  
  14  0:19  Supply Depot  
  14  0:26  SCV  
  15  0:40  SCV  
  16  0:43  Barracks  
  16  0:46  Refinery  
  16  0:52  SCV  
  17  1:04  SCV  
  18  1:17  SCV  
  19  1:29  Orbital Command  
  19  1:31  Reaper  
  20  1:50  Command Center  
  19  2:00  Supply Depot  
  19  2:06  Marine  
  19  2:08  SCV  
  21  2:14  Factory  
  21  2:20  Refinery  
  21  2:22  SCV  
  22  2:37  Bunker  
  22  2:55  SCV  
  24  3:02  Factory Tech Lab  
  24  3:04  Barracks Tech Lab  
  23  3:06  Barracks Reactor  
  23  3:07  SCV  
  23  3:09  Barracks  
  23  3:11  SCV  
  25  3:19  SCV  
  26  3:23  Starport  
  27  3:31  SCV  
  27  3:33  Orbital Command  
  27  3:44  Marine x2, SCV  
  27  3:47  Siege Tank  
  32  3:56  SCV  
  32  3:57  Marine  
  34  4:03  SCV  
  34  4:05  Marine x2  
  37  4:13  SCV, Medivac  
  40  4:17  Supply Depot  
  40  4:20  Barracks  
  40  4:21  Barracks Tech Lab  
  40  4:28  SCV x2  
  40  4:30  Siege Tank  
  45  4:38  Supply Depot  
  45  4:41  Stimpack  
  45  4:43  Marine x3  
  45  4:45  SCV x2  
  50  4:56  Starport Reactor  
  50  4:57  Supply Depot  
  50  5:03  SCV x2  
  52  5:11  Refinery  
  52  5:14  Marine x2  
  52  5:15  Marine  
  52  5:16  Barracks Reactor  
  52  5:18  Barracks  
  52  5:20  SCV x2  
  57  5:22  Supply Depot  
  57  5:33  Medivac x2  
  61  5:37  SCV x2  
  63  5:43  Supply Depot  
  63  5:45  Marine  
  63  5:46  Marine x2  
  66  5:52  Supply Depot  
  66  5:56  Engineering Bay  
  66  5:59  Engineering Bay, SCV x2  
  68  6:10  Refinery  
  68  6:12  SCV x2  
  68  6:13  Marine x4  
  68  6:14  Barracks Reactor  
  68  6:16  Medivac  
  76  6:25  Marine  
  76  6:29  Missile Turret  
  76  6:30  SCV x2  
  79  6:36  Marine x4  
  79  6:39  Supply Depot, Liberator x2  
  83  6:42  SCV x2  
  83  6:45  Marine  
  86  6:53  Marine  
  86  6:54  Marine  
  88  7:00  SCV x2  
  88  7:01  Siege Tank  
  99  7:04  Supply Depot  
  99  7:05  Supply Depot  
  99  7:12  Marine x3  
  102  7:25  Marine x2  
  102  7:26  SCV x2  
  102  7:48  SCV x2  
  104  7:52  Supply Depot  
  104  7:53  Supply Depot, Marine x2  
  104  7:54  Marine x4  
  104  7:57  Command Center  
  110  8:02  Marine  
  111  8:16  Siege Tank  
  111  8:17  Barracks  
  111  8:18  Medivac x2  
  111  8:19  Barracks, Marine x3  
  121  8:24  Supply Depot  
  121  8:27  Supply Depot  
  121  8:44  Combat Shields  
  121  8:48  Medivac x2  
  123  8:49  Supply Depot  
  123  8:50  Siege Tank  
  123  8:53  Terran Infantry Weapons Level 1  
  123  8:54  Terran Infantry Armor Level 1  
  128  8:58  Armory  
  128  9:06  Barracks Reactor  
  128  9:07  Barracks Reactor  
  128  9:16  Marine x5  
  128  9:17  Marine  
  133  9:18  Barracks  
  134  9:25  Siege Tank  
  134  9:28  Supply Depot  
  137  9:36  Factory  
  137  9:50  Marine x10  
  147  9:58  Siege Tank  
  150  10:17  Marine  
  150  10:18  Marine x10  
  161  10:35  Marine  
  161  10:36  Factory Tech Lab, Marine x2  
  161  10:37  Marine, Siege Tank  
  161  10:38  Marine x6  
  174  10:47  Medivac x2  
  178  10:56  Terran Infantry Weapons Level 2, Starport  
  178  11:01  Terran Infantry Armor Level 2  
  178  11:07  Orbital Command  
  178  11:15  Siege Tank  
  180  12:04  Starport  
  144  12:47  Missile Turret  
  144  12:49  Missile Turret  
  144  13:02  Raven  
  146  13:14  Missile Turret  
  146  13:15  Missile Turret  
  146  13:42  Liberator  
  146  13:43  Liberator  
  146  13:45  Raven  
  148  14:02  Siege Tank  
  157  14:03  Factory Tech Lab  
  157  14:04  Marine x11  
  168  14:21  Marine  
  168  14:22  Marine x9  
  178  14:34  Siege Tank  
  178  15:24  Marine  
  178  15:25  Marine x2  
  181  15:53  Marine  
  181  15:54  Marine x4  
  181  15:55  Marine x6  
  115  16:11  Marine  
  115  16:12  Marine x6  
  115  16:13  Marine  
  115  16:18  Marine x3  
  106  16:29  Marine x2  
  106  16:30  Marine x6  
  113  16:36  Marine x3, Liberator x2  
  115  16:47  Marine x2  
  115  16:48  Marine x6  
  115  16:53  Marine  
  129  16:54  Marine x2  
  130  17:05  Marine x2  
  130  17:06  Marine x5  
  133  17:09  Marine  
  133  17:11  Marine  
  133  17:12  Marine x2  
  137  17:18  Raven  
  139  17:23  Marine x3  
  139  17:25  Marine  
  139  17:26  Marine x3  
  139  17:27  Marine  
  139  17:29  Marine  
  148  17:30  Marine x2, Command Center  
  148  17:32  Command Center  
  150  17:40  Marine, Liberator x2  
  150  17:41  Marine x2  
  150  17:43  Marine  
  150  17:44  Marine  
Tags
 
Add a new tag
Caveats
  • Supply blocks, unpowered buildings, or Contaminate may cause inaccurate times.
  • Supply counts are checked every 10 seconds.